 Seeded DCSS version 0.29-a0-359-g541a27f54d (webtiles) character file.

Game seed: 2364543799250634364 (custom seed)

21 zeratav the Shooter (level 2, 24/24 HPs)
             Began as a Demigod Hunter on Apr 27, 2022.
             Quit the game on level 1 of the Dungeon.
             The game lasted 00:00:50 (417 turns).

zeratav the Shooter (Demigod Hunter)                 Turns: 417, Time: 00:00:50

Health: 24/24      AC:  3    Str: 12    XL:     2   Next: 45%
Magic:  4/4        EV: 12    Int: 11    God:
Gold:   52         SH:  0    Dex: 17    Spells: 1/1 levels left

rFire   . . .      SeeInvis .   a - +1 shortbow {bow}
rCold   . . .      Faith    .   (shield currently unavailable)
rNeg    . . .      Spirit   .   b - +0 leather armour
rPois   .          Reflect  .   (no helmet)
rElec   .          Harm     .   (no cloak)
rCorr   .          Rampage  .   (no gloves)
Will    .....                   (no boots)
Stlth   ++........              (no amulet)
HPRegen 0.08/turn               (no ring)
MPRegen 0.09/turn               (no ring)

@: no status effects
A: high MP 1, forlorn, divine attributes
a: no special abilities


You were on level 1 of the Dungeon.
You visited 1 branch of the dungeon, and saw 1 of its levels.

You collected 52 gold pieces.


Innate Abilities, Weirdness & Mutations

You have an increased reservoir of magic. (+10% MP)
You shall have no god before yourself.
Your divine heritage dramatically boosts your attributes as you level up.


   Skills:
 - Level 1.7 Fighting
 + Level 4.3 Bows
 - Level 1.7 Dodging
 - Level 0.8 Stealth


You had one spell level left.
You didn't know any spells.
Your spell library was empty.

Inventory:

Hand Weapons
 a - a +1 shortbow (weapon) {bow}
 d - a +0 dagger of flaming {short}
   (You took it off a kobold on level 1 of the Dungeon)
Armour
 b - a +0 leather armour (worn)
 g - a +0 pair of boots
   (You found it on level 1 of the Dungeon)
 h - a +0 chain mail
   (You found it on level 1 of the Dungeon)
Scrolls
 c - a scroll of immolation {!r!r}
 e - a scroll of vulnerability {unknown}
 f - a scroll of fear {unknown}
 i - a scroll of identify {unknown}
 j - a scroll of acquirement

Dungeon Overview and Level Annotations

Branches:
Dungeon (1/15)

### #.?. ##...## ######
.......#######....######
........................
.......@..######.#######
##...###............####
#. #.#######.##..... #.#
#.# .###
################
#.............#
#.............#
#......<......#
#.............#


There were no monsters in sight!


Message History

No target in view!
No target in view!
No target in view!
No target in view!
No target in view!
No target in view!
No target in view!
You now have 34 gold pieces (gained 8).
A hobgoblin comes into view.
The hobgoblin shouts!
You shoot an arrow. The arrow hits the hobgoblin.
You shoot an arrow. The arrow barely misses the hobgoblin.
No target in view!
No target in view!
No target in view!
No target in view!
No target in view!
No target in view!
No target in view!
No target in view!
A hobgoblin is nearby!
You shoot an arrow. The arrow barely misses the hobgoblin.
The hobgoblin closely misses you. x2
Shoot: a) +1 shortbow {bow}
Press: ? - help, Q - select action Shift-Dir - straight line, f/p - hobgoblin
Aim: a hobgoblin (severely wounded, 63% to hit)
You shoot an arrow. The arrow hits the hobgoblin.
You kill the hobgoblin!
Shoot: a) +1 shortbow {bow}
Press: ? - help, Q - select action Shift-Dir - straight line, f - you
Okay, then.
You see here a hobgoblin corpse.
A jackal comes into view.
You see here 18 gold pieces.
A jackal is nearby!
Unknown command.
You shoot an arrow. The arrow hits the jackal.
The jackal barks!
You shoot an arrow. The arrow closely misses the jackal.
A jackal comes into view.
You shoot an arrow. The arrow hits the jackal.
You kill the jackal!
You shoot an arrow. The arrow hits the jackal.
You shoot an arrow. The arrow barely misses the jackal.
The jackal bites you but does no damage.
You shoot an arrow. The arrow barely misses the jackal.
The jackal barely misses you.
You shoot an arrow. The arrow barely misses the jackal.
The jackal bites you. The jackal closely misses you.
You shoot an arrow.
The arrow hits the jackal but does no damage.
The jackal bites you but does no damage.
The jackal bites you.
You shoot an arrow.
The arrow hits the jackal but does no damage.
The jackal closely misses you. The jackal bites you.
You are too injured to fight recklessly!
You are too injured to fight recklessly!
HP[-6]
You take 6 damage, and now have 18/24 hp.
MASSIVE DAMAGE!! (PAUSE)
A jackal is nearby!
You are too injured to fight recklessly!
You are too injured to fight recklessly!
Shoot: a) +1 shortbow {bow}
Press: ? - help, Q - select action Shift-Dir - straight line, f/p - jackal
Aim: a jackal (heavily wounded, 56% to hit)
You shoot an arrow. The arrow misses the jackal.
The jackal bites you. The jackal barely misses you.
HP[-1]
You take 1 damage, and now have 17/24 hp.
Shoot: a) +1 shortbow {bow}
Press: ? - help, Q - select action Shift-Dir - straight line, f/p - jackal
Aim: a jackal (heavily wounded, 56% to hit)
You shoot an arrow. The arrow closely misses the jackal.
The jackal bites you. The jackal closely misses you.
HP[-2]
You take 2 damage, and now have 15/24 hp.
Shoot: a) +1 shortbow {bow}
Press: ? - help, Q - select action Shift-Dir - straight line, f/p - jackal
Aim: a jackal (heavily wounded, 56% to hit)
You shoot an arrow. The arrow hits the jackal.
The jackal barely misses you. The jackal bites you.
HP[-1]
You take 1 damage, and now have 14/24 hp.
Shoot: a) +1 shortbow {bow}
Press: ? - help, Q - select action Shift-Dir - straight line, f/p - jackal
Aim: a jackal (almost dead, 56% to hit)
You shoot an arrow. The arrow hits the jackal.
You kill the jackal!
HP[+1] Unknown command.
You now have 52 gold pieces (gained 18).
i - a scroll labelled PUUKHLIFU WUPN HP[+9]
Your hp is fully restored (24).
j - a scroll labelled BORCHU VOCVUMAIRPH No target in view!
This is a scroll of acquirement!
Are you sure you want to abandon this character and quit the game? (Confirm with "yes".)

Skill      XL: |  1 |
---------------+----+-----
Bows           | 4 |  4.3
Fighting       | |  1.7
Dodging        | |  1.7
Stealth        | |  0.8

Action                   || total
-------------------------++-------
 Fire: Shortbow          ||    46
Armor: Leather armour    ||     3
Dodge: Dodged            ||    12

Levels and vault maps discovered:
D:1:      lemuel_arrival_hallway, layout_loops_ring,
          corexii_item_surrounded_by_moat

Notes
Turn   | Place    | Note
-------+----------+-------------------------------------------
     0 | D:1      | zeratav the Demigod Hunter began the quest for the Orb.
     0 | D:1      | Reached XP level 1. HP: 17/17 MP: 3/3
     0 | D:1      | magus.rc [v1.9.6]
   148 | D:1      | Reached skill level 4 in Bows
   194 | D:1      | Reached XP level 2. HP: 24/24 MP: 4/4
   417 | D:1      | Identified a scroll of acquirement
   417 | D:1      | Quit the game

Vanquished Creatures
  A dart slug (D:1)
  3 endoplasms (D:1)
  A giant cockroach (D:1)
  A goblin (D:1)
  A hobgoblin (D:1)
  2 jackals (D:1)
  2 ball pythons (D:1)
  2 bats (D:1)
  2 frilled lizards (D:1)
  A kobold (D:1)
  2 rats (D:1)
18 creatures vanquished.

Table legend:
 A = Non-vault XP
 B = Vault XP
 C = Vault XP percentage of total XP
 D = Non-vault monster count
 E = Vault monster count
 F = Vault count percentage of total count
                 A         B        C        D         E       F
            +---------+---------+-------+---------+---------+-------
      Total |      30 |       0 |   0.0 |      18 |       0 |   0.0
            +---------+---------+-------+---------+---------+-------
        D:1 |      30 |       0 |   0.0 |      18 |       0 |   0.0
            +---------+---------+-------+---------+---------+-------

Illustrated notes

Table legend:
 A = Kills in this place as a percentage of kills in entire the game.
 B = Kills by you in this place as a percentage of kills by you in the entire game.
 C = Kills by friends in this place as a percentage of kills by friends in the entire game.
 D = Other kills in this place as a percentage of other kills in the entire game.
 E = Experience gained in this place as a percentage of experience gained in the entire game.
 F = Experience gained in this place divided by the number of levels of this place that you have seen.
                   A       B       C       D       E      F
               +-------+-------+-------+-------+-------+----------------------
         Total | 100.0 | 100.0 |   N/A |   N/A | 100.0 |  30.0
       Dungeon | 100.0 | 100.0 |   N/A |   N/A | 100.0 |  30.0
               +-------+-------+-------+-------+-------+----------------------

Table legend: (Time is in decaauts)
 A = Elapsed time spent in this place.
 B = Non-inter-level travel time spent in this place.
 C = Inter-level travel time spent in this place.
 D = Time resting spent in this place.
 E = Time spent auto-exploring this place.
 F = Levels seen in this place.
 G = Mean time per level.
                   A        B        C        D        E       F      G
               +--------+--------+--------+--------+--------+-----+--------+
         Total |    433 |    433 |      0 |      0 |    345 |   1 |  433.0 |
       Dungeon |    433 |    433 |      0 |      0 |    345 |   1 |  433.0 |
               +--------+--------+--------+--------+--------+-----+--------+

Top non-repeatable levels by time:
     D:1: 433 daAuts
